 Dungeon Crawl Stone Soup version 0.25-a0-36-g303dd5b1f4 (webtiles) character file.

Game seed: 13507337961157351838, levelgen mode: deterministic

2434 Johnny the Geomancer (level 9, -3/74 HPs)
             Began as a Demigod Earth Elementalist on Oct 20, 2019.
             Shot with an arrow by a centaur (14 damage)
             ... on level 8 of the Dungeon.
             The game lasted 00:09:24 (7272 turns).

Johnny the Geomancer (Demigod Earth Elementalist)   Turns: 7272, Time: 00:09:25

Health: -3/74      AC:  3    Str:  9 (11) XL:     9   Next: 4%
Magic:  0/20       EV: 12    Int: 25      God:
Gold:   472        SH:  0    Dex: 16      Spells: 5/18 levels left

rFire    . . .     SeeInvis .   B - +11 dagger of Karma {venom, rElec}
rCold    . . .     Gourm    .   (no shield)
rNeg     . . .     Faith    .   c - +0 robe
rPois    .         Spirit   +   (no helmet)
rElec    +         Reflect  .   w - scarf {Spirit}
rCorr    .         Harm     .   (no gloves)
MR       .....                  (no boots)
Stlth    ++........             j - amulet of guardian spirit
HPRegen  0.22/turn              E - +1 ring of protection
MPRegen  0.17/turn              x - ring of wizardry

@: no status effects
A: high mp 1
a: no special abilities


You were on level 8 of the Dungeon.
You were hungry.

You visited 1 branch of the dungeon, and saw 8 of its levels.
You also visited: Ossuary.

You collected 472 gold pieces.

Inventory:

Hand Weapons
 B - the +11 dagger of Karma (weapon) {venom, rElec}
   (You found it on level 5 of the Dungeon)

   It poisons the flesh of those it strikes.
   It insulates you from electricity.
Missiles
 b - 203 stones (quivered)
Armour
 c - a +0 robe (worn)
 w - a scarf of spirit shield (worn)
Jewellery
 j - an amulet of guardian spirit (around neck)
 x - a ring of wizardry (right hand)
 E - a +1 ring of protection (left hand)
 G - an uncursed amulet of the acrobat {unknown}
Wands
 h - a wand of polymorph (4)
 n - a wand of flame (4)
 s - a wand of clouds (2)
 F - a wand of iceblast (8)
 I - a wand of digging (7)
Scrolls
 e - 3 scrolls of remove curse
 f - 5 scrolls of magic mapping
 g - a scroll of fear {unknown}
 k - a scroll of fog
 r - 4 scrolls of teleportation {unknown}
 t - a scroll of blinking {unknown}
 u - 5 scrolls of immolation {unknown}
 y - 2 scrolls of enchant armour {unknown}
 C - a scroll of noise {unknown}
 H - a scroll of summoning {unknown}
Potions
 a - 2 potions of might
 i - 3 potions of heal wounds {unknown}
 l - 2 potions of curing
 m - a potion of flight {unknown}
 o - 9 potions of degeneration
 p - a potion of agility {unknown}
 q - a potion of haste {unknown}
 v - 2 potions of mutation {unknown}
 z - 2 potions of lignification {unknown}
 A - 2 potions of invisibility {unknown}
 D - a potion of cancellation {unknown}
Comestibles
 d - 10 rations


   Skills:
 + Level 5.5 Fighting
 - Level 1.7 Dodging
 - Level 1.7 Stealth
 + Level 5.4 Spellcasting
 - Level 0.8 Transmutations
 * Level 8.6 Earth Magic


You had 5 spell levels left.
You knew the following spells:

 Your Spells              Type           Power        Failure   Level  Hunger
a - Sandblast             Erth           #####.       1%          1    None
b - Stone Arrow           Conj/Erth      ####..       1%          3    #......
c - Lee's Rapid Deconstr  Erth           #####.....   2%          5    #####..
d - Petrify               Tmut/Erth      ####....     4%          4    ###....

Your spell library contained the following spells:

 Spells                   Type           Power        Failure   Level  Hunger
 Passwall                 Tmut/Erth      ####....     1%          2    None
 Beastly Appendage        Tmut           ##....       2%          1    None
 Sticks to Snakes         Tmut           ##......     3%          2    None
 Spider Form              Tmut/Pois      #.........   9%          3    #......
 Ice Form                 Ice/Tmut       #.......     26%         4    ###....
 Blade Hands              Tmut           ##........   50%         5    #####..


Dungeon Overview and Level Annotations

Branches:
Dungeon (8/15)             Temple (0/1) D:7         Ossuary (visited)
   Lair: D:8-11

Shops:
D:6 %

Annotations:
D:3 Linguinho's ghost, amateur TrHu


Innate Abilities, Weirdness & Mutations

You have an increased reservoir of magic. (+10% MP)


Message History

Press: ? - help, Shift-Dir - straight line, f/p - centaur
Aim: a centaur, wielding a +0 shortbow (chance to defeat MR: 46%)
The centaur resists with some effort.
Evoke which item? (* to show all) (? for menu, Esc to quit)
Aiming: Polymorph
Press: ? - help, Shift-Dir - straight line, f/p - centaur
Aim: a centaur, wielding a +0 shortbow (chance to defeat MR: 46%)
The centaur resists with some effort.
The centaur shoots an arrow.
The arrow hits you!
* * * LOW HITPOINT WARNING * * *
You feel better.
The centaur shoots an arrow.
The arrow hits you!
* * * LOW HITPOINT WARNING * * *
Evoke which item? (* to show all) (? for menu, Esc to quit)
Aiming: Cloud Cone
Press: ? - help, Dir - move target cursor, f/p - centaur
Aim: a centaur, wielding a +0 shortbow You create a blast of flame!
The centaur is engulfed in blazing flames.
The centaur shoots an arrow.
The arrow hits you!
You die...

############
#..(.......# ########
##..........#####.......
#>......................
#...........####........
#§§§@....# #........
#..§c§§)....# ##.......
#.##§#......# #....).. #
#......# #.......
....$...# #.......
###....(.# #.......
#......# #.......
#......# #.......
#.......


You could see a centaur.

Vanquished Creatures
  A two-headed ogre (D:8)
  An ice beast (D:4)
  A sky beast (D:7)
  An ogre (D:7)
  A centaur (D:5)
  A big kobold (D:7)
  2 bullfrogs
  2 scorpions (D:6)
  2 crimson imps
  2 centaur zombies (Ossuary)
  4 hounds
  3 orc priests
  A gnoll shaman (D:7)
  2 human zombies (Ossuary)
  3 bullfrog skeletons
  2 orc wizards
  Terence (D:3)
  3 worker ants
  A hound zombie (D:5)
  5 mummies
  19 gnolls
  8 adders
  2 shadow imps
  3 adder skeletons
  5 worms
  3 dart slugs
  9 leopard geckos
  24 orcs
  2 giant cockroaches
  4 hobgoblins
  9 jackals
  3 quokkas
  A ball python (D:2)
  5 bats
  2 frilled lizards
  A giant cockroach zombie (D:5)
  7 goblins
  A hobgoblin zombie (Ossuary)
  A jackal skeleton (D:5)
  13 kobolds
  3 kobold zombies
  2 leopard gecko skeletons
  A leopard gecko zombie (D:6)
  2 orc zombies
  2 quokka skeletons
  7 rats
178 creatures vanquished.

Notes
Turn   | Place    | Note
-------+----------+-------------------------------------------
     0 | D:1      | Johnny the Demigod Earth Elementalist began the quest for
                  | the Orb.
     0 | D:1      | Reached XP level 1. HP: 14/14 MP: 5/5
   270 | D:1      | Reached skill level 3 in Earth Magic
   421 | D:1      | Reached XP level 2. HP: 22/22 MP: 7/7
  1030 | D:2      | Reached skill level 1 in Fighting
  1128 | D:2      | Reached XP level 3. HP: 28/28 MP: 6/8
  1555 | D:2      | Reached XP level 4. HP: 31/35 MP: 1/10
  1655 | D:2      | Noticed a bullfrog
  1661 | D:2      | Killed a bullfrog
  1661 | D:2      | Reached skill level 4 in Earth Magic
  2018 | D:2      | Reached XP level 5. HP: 36/41 MP: 9/11
  2249 | D:3      | Noticed Terence
  2260 | D:3      | Killed Terence
  2586 | D:3      | Found a faded altar of an unknown god.
  3046 | D:3      | Found a glowing silver altar of Zin.
  3046 | D:3      | Found a snail-covered altar of Cheibriados.
  3068 | D:3      | Found a runed translucent door.
  3070 | D:3      | Noticed Linguinho's ghost (amateur TrHu)
  3266 | D:3      | Learned a level 3 spell: Stone Arrow
  3272 | D:3      | Learned a level 5 spell: Lee's Rapid Deconstruction
  3509 | D:4      | Found a sand-covered staircase.
  3515 | D:4      | Reached XP level 6. HP: 43/50 MP: 7/13
  3519 | Ossuary  | Entered an ossuary
  3598 | Ossuary  | Reached skill level 5 in Earth Magic
  4626 | D:4      | Reached XP level 7. HP: 13/57 MP: 1/15
  5173 | D:5      | Entered Level 5 of the Dungeon
  5181 | D:5      | Reached skill level 6 in Earth Magic
  5191 | D:5      | Got a shimmering dagger
  5192 | D:5      | Identified the +11 dagger of Karma {venom, rElec} (You
                  | found it on level 5 of the Dungeon)
  5801 | D:6      | Found Gekkitto's Food Emporium.
  5913 | D:6      | Learned a level 4 spell: Petrify
  5962 | D:6      | Reached XP level 8. HP: 59/66 MP: 18/18
  5970 | D:6      | Reached skill level 7 in Earth Magic
  6329 | D:7      | Found a staircase to the Ecumenical Temple.
  6943 | D:7      | Reached skill level 5 in Spellcasting
  7224 | D:8      | Reached skill level 5 in Fighting
  7257 | D:8      | Noticed a two-headed ogre
  7267 | D:8      | Killed a two-headed ogre
  7267 | D:8      | Reached skill level 8 in Earth Magic
  7267 | D:8      | Reached XP level 9. HP: 29/74 MP: 2/20
  7272 | D:8      | Shot with an arrow by a centaur

Levels and vault maps discovered:
D:1:      lightli_molten_gateway, layout_loops_ring
D:2:      layout_rooms, first_ration
D:3:      layout_basic, gammafunk_temple_overflow_statue,
          chequers_ecumenical_altar_twisty, ebering_ghost_sewer_d,
          kennysheep_generic_room_8, uniq_terence
D:4:      layout_basic, nicolae_ossuary_entry_giza
D:5:      layout_cave_pools
D:6:      layout_basic, serial_shops, shop
D:7:      layout_loops_ring, minmay_temple_entry_gardened_gates
D:8:      layout_basic, erik_lair_orcish_takeover, special_room
          [special_room_orc], enter_bailey_8

Skill      XL: |  1  2  3  4  5  6  7  8 |
---------------+-------------------------+-----
Earth Magic    | 3 4 5 6 8 |  8.6
Spellcasting   | 2 3 4 5 |  5.4
Fighting       | 1 2 3 4 5 |  5.5
Dodging        | |  1.7
Stealth        | |  1.7
Transmutations | |  0.8

Action                   |  1- 3 |  4- 6 |  7- 9 || total
-------------------------+-------+-------+-------++-------
Melee: Unarmed           |    41 |       |       ||    41
       Dagger            |    45 |   160 |   150 ||   355
       Hand axe          |       |    39 |       ||    39
 Cast: Sandblast         |    24 |    48 |    35 ||   107
Evoke: Wand              |       |     1 |     5 ||     6
  Use: Scroll            |       |     5 |     2 ||     7
       Potion            |       |       |     3 ||     3
 Stab: Sleeping          |     2 |     5 |     7 ||    14
       Distracted        |       |     1 |       ||     1
  Eat: Chunk             |     2 |     9 |     6 ||    17
       Ration            |       |       |     1 ||     1
Armor: Robe              |    16 |    26 |    12 ||    54
Dodge: Dodged            |    67 |   168 |    88 ||   323

Table legend:
 A = Non-vault XP
 B = Vault XP
 C = Vault XP percentage of total XP
 D = Non-vault monster count
 E = Vault monster count
 F = Vault count percentage of total count
                 A         B        C        D         E       F
            +---------+---------+-------+---------+---------+-------
      Total |    3142 |     336 |   9.7 |     158 |      20 |  11.2
            +---------+---------+-------+---------+---------+-------
        D:1 |      26 |       0 |   0.0 |      17 |       0 |   0.0
        D:2 |     214 |       0 |   0.0 |      24 |       0 |   0.0
        D:3 |      88 |      68 |  43.6 |      18 |       5 |  21.7
        D:4 |     348 |      20 |   5.4 |      22 |       3 |  12.0
        D:5 |     280 |       0 |   0.0 |      12 |       0 |   0.0
        D:6 |     584 |       0 |   0.0 |      24 |       0 |   0.0
        D:7 |     605 |       0 |   0.0 |      28 |       0 |   0.0
        D:8 |     997 |       0 |   0.0 |      13 |       0 |   0.0
    Ossuary |       0 |     248 | 100.0 |       0 |      12 | 100.0
            +---------+---------+-------+---------+---------+-------
